 Dungeon Crawl Stone Soup version 0.30-b1-2-g02819fbbbe (webtiles) character file.

Game seed: 5949129604713485803

13386 Fartwhistle the Fighter (level 11, -5/113 HPs)
             Began as a Troll Hedge Wizard on Aug 30, 2023.
             Was a High Priest of Cheibriados.
             Slain by a skyshark (12 damage)
             ... on level 2 of the Lair of Beasts.
             The game lasted 00:40:59 (11668 turns).

Fartwhistle the Fighter (Troll Hedge Wizard)       Turns: 11668, Time: 00:41:00

Health: -5/113     AC:  8    Str: 38    XL:     11   Next: 74%
Magic:  23/25      EV: 15    Int: 28    God:    Cheibriados [*****.]
Gold:   1147       SH:  0    Dex: 23    Spells: 6/18 levels left

rFire   . .          .
                       - Unarmed
rCold   . . .        (no shield)
rNeg    + . .        x - +2 robe "Baej" {rN+ Str+4}
rPois   .            c - +1 hat
rElec   .            H - +0 cloak
rCorr   .            (gloves unavailable)
SInv    .            (boots unavailable)
Will    .....        I - amulet of magic regeneration
Stlth   +++          f - +5 ring of evasion
HPRegen 1.18/turn    C - ring "Xuhom" {MP+9 Stlth+}
MPRegen 0.59/turn

%: no passive effects
@: about to teleport, very slow
A: large, unfitting armour, claws 3, regeneration 1, shaggy fur 1, tough skin 1
a: Renounce Religion, Bend Time, Temporal Distortion, Slouch, Step From Time


You were on level 2 of the Lair of Beasts.
You worshipped Cheibriados.
Cheibriados was extremely pleased with you.
You visited 3 branches of the dungeon, and saw 15 of its levels.
You also visited: Ossuary and Bailey.

You collected 1246 gold pieces.
You spent 99 gold pieces at shops.

Inventory:

Missiles
 j - 22 boomerangs
 n - 4 large rocks
 q - 5 atropa-tipped darts
 K - 9 curare-tipped darts
 L - 25 poisoned darts
Armour
 c - a +1 hat (worn)
 i - a +2 robe of willpower
 x - the +2 robe "Baej" (worn) {rN+ Str+4}
   (You found it on level 6 of the Dungeon)

   Str:       It affects your strength (+4).
   rN:        It protects you from negative energy.
 H - a +0 cloak (worn)
Jewellery
 f - a +5 ring of evasion (left claw)
 C - the ring "Xuhom" (right claw) {MP+9 Stlth+}
   (You found it on level 6 of the Dungeon)

   [ring of magical power]

   MP:        It affects your magic capacity (+9).
   Stlth:     It makes you more stealthy.
 I - an amulet of magic regeneration (around neck)
 J - a ring of see invisible
 N - a ring of poison resistance
Wands
 t - a wand of digging (3)
 u - a wand of flame (21)
 D - a wand of mindburst (37)
 M - a wand of polymorph (2)
 O - a wand of roots (12)
Scrolls
 h - 4 scrolls of amnesia
 m - 2 scrolls of poison
 o - a scroll of fear
 p - a scroll of blinking
 r - 3 scrolls of acquirement {unknown}
 s - a scroll of teleportation
 v - 2 scrolls of enchant armour
 w - a scroll of butterflies
 y - 2 scrolls of brand weapon {unknown}
 A - 2 scrolls of enchant weapon
Potions
 a - a potion of ambrosia {unknown}
 b - 2 potions of invisibility
 d - 2 potions of magic
 e - 6 potions of flight
 g - 4 potions of curing
 k - 2 potions of might
 l - 2 potions of lignification {unknown}
 z - 3 potions of berserk rage
 B - 2 potions of cancellation
 E - 2 potions of heal wounds {unknown}
 F - 2 potions of mutation {unknown}
 G - 2 potions of brilliance


   Skills:
 + Level 8.6 Fighting
 - Level 3.0 Throwing
 - Level 1.5 Dodging
 - Level 1.0 Stealth
 + Level 7.7 Unarmed Combat
 - Level 4.0 Spellcasting
 - Level 0.6 Conjurations
 - Level 1.0 Summonings
 - Level 0.6 Translocations
 - Level 4.0 Air Magic
 + Level 5.0 Poison Magic
 - Level 5.0 Invocations
 - Level 5.0 Evocations


You had 6 spell levels left.
You knew the following spells:

 Your Spells              Type           Power      Damage    Failure   Level
a - Magic Dart            Conj           32%        1d4       6%          1
b - Call Imp              Summ           22%        N/A       8%          2
c - Mephitic Cloud        Conj/Pois/Air  23%        N/A       6%          3
d - Olgreb's Toxic Radia  Pois           33%        N/A       10%         4
e - Blink                 Tloc           16%        N/A       9%          2

Your spell library contained the following spells:

 Spells                   Type           Power      Damage    Failure   Level
 Poisonous Vapours        Pois/Air       60%        N/A       1%          2
 Sting                    Tmut/Pois      76%        1d6       2%          1
 Cigotuvi's Dreadful Rot  Necr/Pois/Air  44%        N/A       3%          2
 Slow                     Hex            20%        N/A       8%          1
 Scorch                   Fire           10%        2d5       11%         2
 Hailstorm                Conj/Ice       7%         3d4       21%         3
 Manifold Assault         Tloc           8%         N/A       50%         4
 Flame Wave               Conj/Fire      7%         2d5       54%         4
 Ice Form                 Ice/Tmut       5%         N/A       58%         4
 Dispersal                Tloc           4%         N/A       100%        6
 Simulacrum               Ice/Necr       2%         N/A       100%        6
 Summon Cactus Giant      Summ           5%         N/A       100%        6
 Disjunction              Tloc           4%         N/A       100%        8


Dungeon Overview and Level Annotations

Branches:
Dungeon (12/15)            Temple (1/1) D:5            Lair (2/5) D:8
Ossuary (visited)          Bailey (visited)
  Swamp: Lair:2-3    Shoals: Lair:2-3     Snake: Lair:2-3    Spider: Lair:2-3
    Orc: D:9-12

Altars:
Ashenzari
Cheibriados
Dithmenos
Elyvilon
Fedhas
Gozag
Hepliaklqana
Kikubaaqudgha
Makhleb
Nemelex Xobeh
Okawaru
Qazlal
Ru
Sif Muna
Trog
Uskayaw
Vehumet
Wu Jian
Xom
Yredelemnul
Zin
The Shining One

Shops:
D:4 :   D:7 (   D:10 [

Annotations:
D:5 2 transporters, 1 runed translucent door, Crazy Yiuf; phunky83's ghost, novice TrFi
D:8 3 runed translucent doors, 2 transporters, diceflayer's ghost, novice DsHu
D:10 Fannar; Harold
Lair:2 exclusion: hydra


Innate Abilities, Weirdness & Mutations

You are too large for most types of armour.
You have claws for hands.
Your natural rate of healing is unusually fast.
You are covered in fur. (AC +1)
You have tough skin. (AC +1)


Message History

You mangle the cane toad!!
You kill the cane toad!
Cheibriados appreciates the change of pace.
The skyshark bites you.
The skyshark enters a blood-rage!
The skyshark barely misses you. The skyshark tail-slaps you!
Your Poison Magic skill increases to level 5!
You mangle the skyshark!!
The skyshark is moderately wounded.
The skyshark bites you! The skyshark barely misses you.
The skyshark closely misses you. The skyshark misses you.
The skyshark tail-slaps you but does no damage.
The skyshark tail-slaps you.
Casting: Magic Dart (safe; 6% risk of failure)
Confirm with . or Enter, or press ? or * to list all spells.
Okay, then.
Casting: Magic Dart (safe; 6% risk of failure)
Confirm with . or Enter, or press ? or * to list all spells.
Aiming: Mephitic Cloud (mildly dangerous; 6% risk of failure)
Press: ? - help, Shift-Dir - straight line The ball explodes into a vile cloud!
The stinking cloud engulfs the skyshark but does no damage.
The skyshark is moderately wounded.
The skyshark completely misses you. The skyshark tail-slaps you. x2
Unknown command.
Aiming: Polymorph
Press: ? - help, Shift-Dir - straight line, f - skyshark
Aim: a skyshark (moderately wounded, berserk, will become a black draconian, a spark wasp, or an eye of devastation, chance to affect: 44%)
Okay, then.
Okay, then.
As you read the scroll of teleportation, it crumbles to dust.
You feel strangely unstable. The skyshark bites you!
* * * LOW HITPOINT WARNING * * *
The skyshark barely misses you. The skyshark tail-slaps you.
* * * LOW HITPOINT WARNING * * *
The skyshark bites you!!
* * * LOW HITPOINT WARNING * * *
The skyshark tail-slaps you.
* * * LOW HITPOINT WARNING * * *
The skyshark tail-slaps you!
You die...

# ########## ##
..P.##○#..#.#.#####P####
....○°.@$...............
...#..l.##..P.##...P#...
............#...........
.........#...........P..
.........+...........#..
........................
.........#...........P..
.........#..#...........
....#..#......†.#..


You could see a skyshark (berserk).

Vanquished Creatures
  Urug (D:10)
  Pikel (D:4)
  3 black mambas
  5 cane toads
  Psyche (D:8)
  A gargoyle (D:8)
  A komodo dragon (D:6)
  A polar bear (Lair:1)
  A troll (D:9)
  A wyvern (D:10)
  Eustachio (D:5)
  7 yaks
  A basilisk (Lair:2)
  A steam dragon (D:8)
  2 acid dragons
  7 water moccasins
  7 orc warriors
  A black bear (D:5)
  An ice beast (D:8)
  A sky beast (D:7)
  2 ogres (D:5)
  4 wolves (Lair:1)
  4 centaurs
  2 phantoms
  2 lemures (D:4)
  11 kobold brigands
  8 bullfrogs
  Blork the orc (D:5)
  2 gnoll sergeants
  4 scorpions
  18 wights
  2 killer bees (D:10)
  4 howler monkeys
  5 electric eels
  A centaur zombie (Ossuary)
  3 gnoll boudas
  A jelly (D:5)
  4 hounds
  5 orc priests
  2 sleepcaps
  Jessica (D:2)
  5 iguanas
  Natasha (twice) (D:2)
  5 orc wizards
  2 mummies (Ossuary)
  22 gnolls
  9 adders
  3 white imps
  2 ufetubi (D:5)
  2 adder zombies (Ossuary)
  A worm (D:2)
  4 dart slugs
  18 orcs
  8 endoplasms
  A giant cockroach (D:1)
  9 goblins
  7 hobgoblins
  8 jackals
  39 kobolds
  2 quokkas
  2 ball pythons (D:2)
  3 bats
  2 frilled lizards
  2 goblin zombies (Ossuary)
  9 hobgoblin zombies (Ossuary)
  2 jackal zombies (Ossuary)
  6 kobold zombies (Ossuary)
  12 orc zombies (Ossuary)
  5 rats
  3 rat zombies (Ossuary)
326 creatures vanquished.

Vanquished Creatures (others)
  12 fungi (Lair:2)
  33 plants
45 creatures vanquished.

Grand Total: 371 creatures vanquished

Notes
Turn   | Place    | Note
-------+----------+-------------------------------------------
     0 | D:1      | Fartwhistle the Troll Hedge Wizard began the quest for the
                  | Orb.
     0 | D:1      | Reached XP level 1. HP: 16/16 MP: 2/2
    93 | D:1      | Reached skill level 1 in Fighting
   127 | D:1      | Reached XP level 2. HP: 27/27 MP: 4/4
   309 | D:1      | Reached skill level 1 in Unarmed Combat
   446 | D:1      | Reached XP level 3. HP: 35/35 MP: 5/5
   610 | D:1      | Found a faded altar of an unknown god.
   683 | D:1      | Reached skill level 2 in Fighting
  1093 | D:2      | Identified the +0 scale mail of Untold Secrets {Int+2}
  1192 | D:2      | Reached XP level 4. HP: 42/42 MP: 6/6
  1449 | D:2      | Noticed Jessica
  1463 | D:2      | Killed Jessica
  1532 | D:2      | Noticed Natasha
  1535 | D:2      | Killed Natasha
  1716 | D:2      | Noticed Natasha
  1731 | D:2      | Killed Natasha
  1732 | D:2      | Reached XP level 5. HP: 40/49 MP: 7/7
  1822 | D:3      | Noticed a phantom
  1844 | D:3      | Killed a phantom
  1970 | D:3      | Reached skill level 5 in Unarmed Combat
  2032 | D:3      | Found a shadowy altar of Dithmenos.
  2037 | D:3      | Noticed a centaur
  2061 | D:3      | Killed a centaur
  2062 | D:3      | Reached XP level 6. HP: 31/57 MP: 8/8
  2465 | D:4      | Reached XP level 7. HP: 58/66 MP: 9/9
  2475 | D:4      | Reached skill level 3 in Fighting
  2762 | D:4      | Found Felext's Vocational Training.
  2841 | D:4      | Noticed Pikel
  2909 | D:4      | Killed Pikel
  2910 | D:4      | Reached skill level 5 in Fighting
  2910 | D:4      | Reached XP level 8. HP: 30/81 MP: 10/10
  3287 | D:5      | Entered Level 5 of the Dungeon
  3322 | D:5      | Noticed Blork the orc
  3326 | D:5      | Killed Blork the orc
  3395 | D:5      | Reached skill level 6 in Fighting
  3487 | D:5      | Found a transporter.
  3488 | D:5      | Found a transporter.
  3513 | D:5      | Noticed phunky83's ghost (novice TrFi)
  3550 | D:5      | Found a staircase to the Ecumenical Temple.
  3572 | Temple   | Entered the Ecumenical Temple
  3630 | Temple   | Became a worshipper of Cheibriados the Contemplative
  3776 | D:5      | Reached skill level 7 in Fighting
  3776 | D:5      | Reached skill level 1 in Invocations
  3880 | D:5      | Noticed Eustachio
  3936 | D:5      | Killed Eustachio
  4103 | D:5      | Reached XP level 9. HP: 93/93 MP: 11/11
  4186 | D:5      | Found a runed translucent door.
  4187 | D:5      | Noticed Crazy Yiuf
  4219 | D:5      | Reached * piety under Cheibriados
  4220 | D:5      | Reached skill level 5 in Invocations
  4722 | D:6      | Reached skill level 1 in Evocations
  4738 | D:6      | Identified the +2 robe "Baej" {rN+ Str+4}
  4831 | D:6      | Noticed a komodo dragon
  4838 | D:6      | Killed a komodo dragon
  5016 | D:6      | Found a hazy altar of Hepliaklqana.
  5017 | D:6      | Found a shimmering altar of Xom.
  5018 | D:6      | Noticed a spectral ugly thing
  5200 | D:6      | Reached ** piety under Cheibriados
  5440 | D:6      | Learned a level 2 spell: Call Imp
  5562 | D:6      | Learned a level 3 spell: Mephitic Cloud
  5709 | D:6      | Identified the ring "Xuhom" {MP+9 Stlth+}
  5860 | D:6      | Reached skill level 1 in Summonings
  6213 | D:7      | Found Jega Aw Ets's Weapon Emporium.
  6268 | D:7      | Found a sand-covered staircase.
  6272 | Ossuary  | Entered an ossuary
  6330 | Ossuary  | Reached *** piety under Cheibriados
  6543 | D:7      | Reached skill level 1 in Poison Magic
  6680 | D:7      | Reached skill level 1 in Air Magic
  6680 | D:7      | Reached skill level 5 in Evocations
  6786 | D:7      | Reached **** piety under Cheibriados
  6790 | D:7      | Reached XP level 10. HP: 94/102 MP: 12/12
  7228 | D:8      | Found a runed translucent gate.
  7231 | D:8      | Found a runed translucent gate.
  7235 | D:8      | Noticed diceflayer's ghost (novice DsHu)
  7239 | D:8      | Found a runed translucent gate.
  7251 | D:8      | Found a staircase to the Lair.
  7325 | D:8      | Found a flagged portal.
  7417 | D:8      | Noticed a gargoyle
  7423 | Bailey   | Entered a bailey
  7767 | Bailey   | Found a burning altar of Makhleb.
  7852 | D:8      | Found a basalt altar of Yredelemnul.
  7862 | D:8      | Killed a gargoyle
  7886 | D:8      | Found a transporter.
  7937 | D:8      | Found a transporter.
  7968 | D:8      | Found an ancient bone altar of Kikubaaqudgha.
  7974 | D:8      | Noticed a death knight
  8119 | D:8      | Noticed Psyche
  8139 | D:8      | Killed Psyche
  8331 | D:9      | You fall into a shaft and drop 3 floors!
  8363 | D:12     | Noticed a cyclops
  8436 | D:10     | Entered Level 10 of the Dungeon
  8436 | D:10     | Noticed Urug
  8550 | D:9      | Reached ***** piety under Cheibriados
  9232 | D:10     | Found a burning altar of Makhleb.
  9234 | D:10     | Noticed Harold
  9789 | D:10     | Killed Urug
  9790 | D:10     | Reached XP level 11. HP: 103/109 MP: 16/16
  9972 | D:10     | Noticed Fannar
 10026 | D:10     | Found Bomit's Antique Armour Boutique.
 10070 | D:10     | Bought a glowing robe for 99 gold pieces
 10287 | Lair:1   | Entered Level 1 of the Lair of Beasts
 10307 | Lair:1   | Learned a level 4 spell: Olgreb's Toxic Radiance
 10310 | Lair:1   | Learned a level 2 spell: Blink
 10761 | Lair:1   | Reached skill level 8 in Fighting
 11567 | Lair:2   | Noticed a five-headed hydra
 11658 | Lair:2   | Noticed a skyshark
 11666 | Lair:2   | Reached skill level 5 in Poison Magic
 11668 | Lair:2   | Slain by a skyshark

Illustrated notes

Levels and vault maps discovered:
D:1:      matt_arrival_diagonals, layout_basic,
          shapermc_ecumenical_altar_flowoftime, hex_tiny,
          hangedman_decor_diamond_cutter
D:2:      minmay_inner_zag, layout_basic, st_stairs_13, uniq_natasha,
          uniq_jessica
D:3:      layout_basic, nicolae_dithmenos_shadow_blocks, serial_glass,
          glass_columns_b, glass_columns_a
D:4:      layout_basic, nicolae_shop_vocational, uniq_pikel
D:5:      layout_loops_corners, temple_fountains, gammafunk_ghost_gnarly_gnolls,
          chequers_big_river, uniq_blork_the_orc, uniq_eustachio,
          uniq_crazy_yiuf_cottage
D:6:      layout_loops_ring, regret_index_temple_of_mockery
D:7:      layout_gridville, enter_ossuary_5, serial_shops, shop,
          due_unseen_surprise
D:8:      layout_gridville, gammafunk_temple_of_torment, lair_entry_dummy,
          gammafunk_ghost_nasty_kobolds, enter_bailey_5, uniq_psyche
D:9:      layout_basic
D:10:     minmay_general_purpose_star, layout_basic, bloody_makhleb,
          serial_shops, nicolae_shop_advertising_works
          [nicolae_subvault_shop_adworks], uniq_harold, uniq_urug, uniq_fannar
D:11:     layout_roguey, david_orc_5, enter_trove_2, elyvilon_altar_4
D:12:     layout_loops_corners, portal_ice_cave_entry_pillars_1, uniq_kirke
Temple:   nicolae_temple_x_marks_the_god
Lair:1:   layout_regular_city, chequers_serial_rivers_micro_b,
          grunt_megastairs_4, infiniplex_staircase_pool
Lair:2:   layout_regular_city

Skill      XL: |  1  2  3  4  5  6  7  8  9 10 11 |
---------------+----------------------------------+-----
Fighting       | 1 2 5 7 8 |  8.6
Unarmed Combat | 1 2 4 5 7 |  7.7
Throwing       | 2 3 |  3.0
Invocations    | 4 5 |  5.0
Evocations     | 5 |  5.0
Summonings     | 1 |  1.0
Poison Magic   | 2 4 5 |  5.0
Air Magic      | 1 4 |  4.0
Spellcasting   | 4 |  4.0
Dodging        | |  1.5
Stealth        | |  1.0
Conjurations   | |  0.6
Translocations | |  0.6

Action                     |  1- 3 |  4- 6 |  7- 9 | 10-12 || total
---------------------------+-------+-------+-------+-------++-------
  Melee: Unarmed           |   109 |   119 |   429 |   380 ||  1037
         Punch             |     1 |     3 |    15 |    18 ||    37
  Throw: Large rock        |       |     7 |     9 |     8 ||    24
         Boomerang         |       |     2 |     5 |     8 ||    15
         Dart              |       |       |     4 |       ||     4
   Cast: Magic Dart        |       |       |     1 |       ||     1
         Mephitic Cloud    |       |       |       |     7 ||     7
 Invoke: Slouch            |       |       |       |     1 ||     1
  Evoke: Wand              |       |       |     5 |    10 ||    15
    Use: Scroll            |       |     4 |     4 |    14 ||    22
         Potion            |       |       |     1 |     1 ||     2
   Stab: Sleeping          |     3 |       |     7 |    10 ||    20
         Confused          |       |       |       |     3 ||     3
 Armour: Robe              |    39 |    19 |    71 |    69 ||   198
  Dodge: Dodged            |    56 |    66 |   341 |   294 ||   757
